 Dungeon Crawl Stone Soup version 0.28.0 (webtiles) character file.

Game seed: 1109036367942766227

98 porpoise the Magician (level 5, -6/39 HPs)
             Began as a Djinni Fire Elementalist on Feb 9, 2022.
             Mangled by Crazy Yiuf (8 damage)
             ... on level 3 of the Dungeon.
             The game lasted 00:11:04 (2439 turns).

porpoise the Magician (Djinni Fire Elementalist)    Turns: 2439, Time: 00:11:05

Health: -6/39      AC:  6    Str:  9    XL:     5   Next: 0%
Gold:   89         EV: 12    Int: 16    God:
                   SH:  0    Dex: 14

rFire   + + .      SeeInvis .   a - +1 hand axe (antimagic)
rCold   x . .      Faith    .   (no shield)
rNeg    . . .      Spirit   .   b - +0 robe
rPois   ∞          Reflect  .   (no helmet)
rElec   .          Harm     .   (no cloak)
rCorr   .          Rampage  .   (no gloves)
Will    .....                   (boots unavailable)
Stlth   ++........              (no amulet)
HPRegen 0.13/turn               e - +4 ring of protection
MPRegen 0.00/turn               (no ring)

@: mighty, flying, hasted, very quick
A: sickness immunity, fire resistance 2, cold vulnerability 1, float, innate
caster, HP casting, extra vitality 1
a: no special abilities


You were on level 3 of the Dungeon.
You visited 1 branch of the dungeon, and saw 3 of its levels.

You collected 89 gold pieces.

Inventory:

Hand Weapons
 a - a +1 antimagic hand axe (weapon)
 n - a +0 trident
Missiles
 c - 42 stones
 g - 3 datura-tipped darts
 l - 19 arrows
Armour
 b - a +0 robe (worn)
Jewellery
 e - a +4 ring of protection (left hand)
Scrolls
 d - a scroll of blinking {unknown}
 f - a scroll of enchant armour {unknown}
 i - 2 scrolls of teleportation {unknown}
 m - 2 scrolls of enchant weapon {unknown}
Potions
 h - a potion of curing {unknown}
 j - a potion of degeneration {unknown}
 k - a potion of haste {unknown}


   Skills:
 * Level 2.4 Fighting
 - Level 2.1 Dodging
 + Level 2.2 Stealth
 * Level 3.2 Spellcasting


You couldn't memorise any spells.
You knew the following spells:

 Your Spells              Type           Power      Damage    Failure   Level
a - Foxfire               Conj/Fire      48%        2x1d6     4%          1
b - Scorch                Fire           24%        2d6       8%          2
c - Conjure Flame         Conj/Fire      12%        6-21      14%         3
d - Inner Flame           Hex/Fire       12%        N/A       14%         3
e - Flame Wave            Conj/Fire      12%        2d6       43%         4
k - Blink                 Tloc           24%        N/A       8%          2
s - Animate Skeleton      Necr           24%        N/A       4%          1
Your spell library was empty.

Dungeon Overview and Level Annotations

Branches:
Dungeon (3/15)

Altars:

Shops:
D:1 [

Annotations:
D:3 Crazy Yiuf


Innate Abilities, Weirdness & Mutations

You are immune to sickness and miasma.
You are immune to poison.
Your flesh is very heat resistant. (rF++)
You are vulnerable to cold. (rC-)
You float through the air rather than walking.
You learn spells naturally, not from books.
Your magical power is your life essence.
You have superior vitality. (+4 MHP)


Message History

You are now empty-handed.
Casting: Foxfire (safe; 4% risk of failure)
Confirm with . or Enter, or press ? or * to list all spells.
Okay, then.
You feel a force failing to suppress your magic.
a - a +1 antimagic hand axe (weapon)
Found a mace.
Found a runed translucent door.
You reach down and open the door.
There is an open translucent door here.
Casting: Foxfire (safe; 4% risk of failure)
Confirm with . or Enter, or press ? or * to list all spells.
You conjure some foxfire!
The foxfire hits Crazy Yiuf.
Crazy Yiuf is moderately wounded.
Crazy Yiuf drinks a potion.
Crazy Yiuf flickers and vanishes!
Deactivating autopickup; reactivate with Ctrl-A.
Casting: Foxfire (safe; 4% risk of failure)
Confirm with . or Enter, or press ? or * to list all spells.
You conjure some foxfire!
The foxfire hits something but does no damage.
The foxfire hits something.
Casting: Foxfire (safe; 4% risk of failure)
Confirm with . or Enter, or press ? or * to list all spells.
You conjure some foxfire!
Something hits you!
You feel very mighty all of a sudden.
You closely miss something.
The foxfire hits something. x2
Something hits you.
Casting: Foxfire (safe; 4% risk of failure)
Confirm with . or Enter, or press ? or * to list all spells.
You conjure some foxfire!
Something hits you.
You feel yourself speed up.
You closely miss something.
The foxfire hits something.
Something hits you!
* * * LOW HITPOINT WARNING * * *
Something freezes you.
* * * LOW HITPOINT WARNING * * *
Casting: Foxfire (safe; 4% risk of failure)
Confirm with . or Enter, or press ? or * to list all spells.
You conjure some foxfire!
* * * LOW HITPOINT WARNING * * *
Something hits you!
You die...

.....^#..........#.....#.....##.+
.###.#...........##########.....#
...................# #.....#####
..#.......########## ####...#
..........# #...# #.......#.#
#...# ........### #### ####..##
....##### #).v### ##..#..# #...#
#..{@v####.P....# #####
#..v##..#.P....## ####
###.#.P.### #######


There were no monsters in sight!

Vanquished Creatures
  A gnoll (D:1)
  3 adders
  A worm (D:3)
  2 dart slugs
  An orc (D:3)
  4 ball pythons
  3 endoplasms (D:1)
  2 giant cockroaches
  6 goblins
  4 hobgoblins
  3 jackals (D:3)
  3 bats
  6 frilled lizards
  9 kobolds
  6 rats
54 creatures vanquished.

Vanquished Creatures (others)
  103 foxfires
103 creatures vanquished.

Grand Total: 157 creatures vanquished

Notes
Turn   | Place    | Note
-------+----------+-------------------------------------------
     0 | D:1      | porpoise the Djinni Fire Elementalist began the quest for
                  | the Orb.
     0 | D:1      | Reached XP level 1. HP: 15/15 MP: 0/0
    63 | D:1      | Reached skill level 1 in Fighting
    63 | D:1      | Reached XP level 2. HP: 7/22 MP: 0/0
   443 | D:1      | Reached XP level 3. HP: 27/27 MP: 0/0
   443 | D:1      | Learned a level 1 spell: Animate Skeleton
   514 | D:1      | Found Teuhym's Antique Armour Shop.
  1184 | D:2      | Found a faded altar of an unknown god.
  1309 | D:2      | Reached skill level 3 in Spellcasting
  1309 | D:2      | Reached XP level 4. HP: 32/33 MP: 0/0
  2171 | D:3      | Reached XP level 5. HP: 23/39 MP: 0/0
  2171 | D:3      | Learned a level 2 spell: Blink
  2425 | D:3      | Found a runed translucent door.
  2426 | D:3      | Noticed Crazy Yiuf
  2439 | D:3      | Mangled by Crazy Yiuf

Illustrated notes

Levels and vault maps discovered:
D:1:      matt_arrival_los_fun, layout_basic, serial_shops, nicolae_shop_trees
D:2:      layout_loops_corners, ebering_ecumenical_altar_sacrificial
D:3:      minmay_angry_zag, layout_rooms, palyth_temple_overflow_mages,
          okawaru_trees_1, serial_shops, shop, hangedman_decor_lopped,
          minmay_fountain_box, uniq_crazy_yiuf_cottage

Skill      XL: |  1  2  3  4 |
---------------+-------------+-----
Fighting       | 1 2 |  2.4
Stealth        | 2 |  2.2
Spellcasting   | 3 |  3.2
Dodging        | |  2.1

Action                   |  1- 3 |  4- 6 || total
-------------------------+-------+-------++-------
Melee: Trident           |    20 |    14 ||    34
       Hand axe          |       |     2 ||     2
 Cast: Foxfire           |    22 |    40 ||    62
       Scorch            |     3 |       ||     3
 Stab: Sleeping          |     3 |     1 ||     4
Armor: Robe              |    12 |     8 ||    20
Dodge: Dodged            |    20 |    30 ||    50
